Map: Lerilak Crest

Players

CMStormPolt (Polt)

  • Race: Terran Terran
  • League: Master

Enough - Winner!

  • Race: Zerg Zerg
  • League: Master

VOD

Have the link to the VOD?

Description

Time

  • Played on: Dec. 18, 2015, 10:01 p.m.
  • Length: 13:35
Show
View Real Time Build Order
Export as new Build Order

CMStormPolt Terran 

Build Orders: Reaper Expand, Bio Mine 

Get SALT Encoding   

  12  0:00  SCV  
  13  0:12  SCV  
  14  0:17  Supply Depot  
  14  0:25  SCV  
  15  0:38  SCV  
  15  0:39  Barracks  
  16  0:43  Refinery  
  16  0:50  SCV  
  17  1:03  SCV  
  18  1:15  SCV  
  19  1:27  Orbital Command  
  19  1:28  Reaper  
  20  1:39  Command Center  
  20  1:53  SCV  
  21  1:56  Supply Depot  
  21  2:00  Reaper  
  22  2:06  SCV  
  23  2:18  SCV  
  24  2:26  Factory  
  24  2:31  SCV  
  25  2:37  Refinery  
  25  2:42  Command Center, Barracks Reactor  
  25  2:43  SCV  
  26  2:53  Orbital Command  
  26  2:55  SCV  
  26  3:08  SCV  
  27  3:13  Bunker  
  27  3:14  Starport  
  27  3:17  Factory Tech Lab  
  27  3:18  Marine x2  
  29  3:21  SCV  
  29  3:24  SCV  
  31  3:37  SCV x2  
  31  3:38  Marine x2  
  35  3:44  Siege Tank  
  38  3:49  SCV  
  38  3:50  SCV  
  38  3:53  Viking  
  38  3:54  Orbital Command  
  42  4:01  SCV  
  42  4:02  SCV  
  44  4:04  Marine x2  
  44  4:08  Refinery  
  46  4:13  SCV  
  46  4:14  SCV  
  48  4:25  SCV  
  48  4:26  SCV x2  
  48  4:30  Factory Reactor  
  51  4:31  Barracks Tech Lab  
  51  4:32  Supply Depot  
  51  4:33  Banshee  
  51  4:38  SCV x2  
  56  4:42  SCV  
  56  4:43  Barracks  
  57  4:46  Barracks  
  57  4:50  SCV x2  
  59  4:54  SCV  
  59  4:59  Engineering Bay x2  
  59  5:00  Marine  
  59  5:02  Refinery  
  59  5:06  Supply Depot  
  58  5:08  Orbital Command  
  58  5:13  Stimpack  
  58  5:14  SCV x2  
  58  5:16  Banshee  
  58  5:18  Marine  
  64  5:25  Terran Infantry Weapons Level 1, Terran Infantry Armor Level 1  
  64  5:28  Factory Reactor  
  64  5:30  Barracks  
  64  5:31  Barracks  
  64  5:33  Supply Depot  
  64  5:39  SCV x3  
  67  5:43  Marine x3, Marauder  
  67  5:44  Marine  
  73  5:54  Supply Depot  
  73  5:55  Supply Depot x2  
  73  6:01  SCV x3  
  73  6:03  Marine x4  
  80  6:04  Marauder  
  80  6:11  Medivac  
  84  6:14  Factory Reactor  
  84  6:15  Medivac  
  84  6:16  Supply Depot x2  
  84  6:17  Supply Depot  
  86  6:19  Supply Depot  
  86  6:21  Barracks Reactor  
  86  6:35  Marauder, Marine x4  
  86  6:36  Marauder  
  94  6:40  Combat Shields  
  94  6:43  Medivac  
  94  6:45  Medivac  
  98  6:49  SCV x2  
  98  6:50  SCV  
  98  6:52  Refinery  
  98  6:53  Supply Depot, Marine x4  
  98  6:54  Supply Depot  
  105  6:56  Marine  
  105  6:57  Marauder  
  108  7:02  Armory  
  108  7:08  Widow Mine x2  
  110  7:12  Liberator x2  
  112  7:18  Marine x7, Marauder  
  121  7:26  SCV x3  
  121  7:28  Missile Turret  
  127  7:36  Missile Turret  
  130  7:38  SCV x3  
  130  7:41  Widow Mine x2  
  137  7:50  Marine x7  
  144  7:53  Marine  
  145  8:01  Terran Infantry Weapons Level 2, Terran Infantry Armor Level 2  
  145  8:03  SCV x2  
  145  8:04  SCV  
  148  8:13  Medivac x2  
  148  8:14  Widow Mine x2  
  156  8:23  Supply Depot  
  156  8:24  Supply Depot x2  
  156  8:25  Supply Depot  
  154  8:42  Refinery  
  154  8:43  Marauder, Marine  
  154  8:45  Marine x6  
  139  8:57  Widow Mine x2  
  139  8:58  Terran Vehicle And Ship Armor Level 1  
  139  9:01  Factory, Marine  
  140  9:02  Marine x5  
  140  9:03  Marauder  
  140  9:04  Marine, Liberator x2  
  146  9:19  Marine  
  146  9:20  Marine x5  
  146  9:23  Marauder  
  159  9:24  Marine  
  154  9:36  Widow Mine, Marine  
  154  9:37  Widow Mine  
  159  9:38  Marine x5  
  159  9:39  Barracks x2  
  159  9:40  Barracks  
  159  9:42  Marauder  
  159  9:43  Marine  
  166  9:49  Factory Tech Lab  
  166  9:54  Marine  
  166  9:56  Marine x3  
  160  10:02  Marauder  
  160  10:05  Widow Mine x2  
  155  10:08  Medivac x2  
  147  10:25  Marauder, Marine x7  
  147  10:28  Drilling Claws, Widow Mine  
  156  10:31  Command Center  
  156  10:34  Widow Mine x2  
  162  10:39  Terran Infantry Weapons Level 3  
  162  10:40  Terran Infantry Armor Level 3  
  162  10:49  Marauder, Marine x6  
  171  10:50  Barracks Tech Lab  
  171  10:51  Barracks Reactor, Barracks Tech Lab  
  171  10:53  Marine  
  171  11:02  Concussive Shells  
  171  11:03  Terran Vehicle And Ship Armor Level 2  
  163  11:16  Marine x2, Marauder  
  163  11:17  Marine x7  
  166  11:28  Widow Mine x3  
  170  11:37  Liberator x2  
  170  11:43  Marine x2, Marauder  
  170  11:44  Marine x6, Marauder x3  
  161  11:56  Widow Mine x2  
  161  11:57  Widow Mine  
  141  12:04  Marine x8  
  141  12:05  Marauder x4  
  107  12:28  Marine x2, Marauder x4  
  107  12:29  Marine x6  
  117  12:35  Widow Mine x3  
  123  12:41  Medivac x2  
  126  12:59  Marauder  
  126  13:00  Marauder x3, Marine x8  
  142  13:06  Widow Mine x3  
Show
View Real Time Build Order
Export as new Build Order

Enough Zerg - Winner!

Build Orders: Hatch First, Muta Ling Bane 

Get SALT Encoding   

  12  0:00  Drone  
  13  0:12  Overlord  
  13  0:16  Drone  
  14  0:30  Drone x2  
  14  0:34  Drone  
  17  0:51  Hatchery  
  17  0:53  Drone  
  17  0:57  Drone  
  18  1:07  Extractor  
  17  1:12  Spawning Pool  
  17  1:15  Drone  
  17  1:18  Drone  
  18  1:28  Drone  
  19  1:38  Drone  
  20  1:49  Overlord  
  20  2:01  Queen  
  22  2:03  Queen  
  22  2:04  Zergling x4  
  22  2:06  Metabolic Boost  
  26  2:11  Drone  
  26  2:14  Drone  
  28  2:20  Extractor  
  27  2:23  Spore Crawler  
  27  2:24  Drone  
  27  2:25  Drone  
  30  2:34  Drone  
  31  2:38  Overlord  
  31  2:39  Queen  
  31  2:43  Drone  
  34  2:46  Drone  
  35  2:56  Drone  
  36  2:59  Drone  
  36  3:04  Drone  
  38  3:07  Drone  
  38  3:09  Drone x2  
  38  3:10  Drone  
  42  3:13  Hatchery, Drone  
  42  3:18  Overlord  
  42  3:22  Queen  
  44  3:30  Overlord  
  44  3:37  Drone x3  
  44  3:40  Drone  
  48  3:44  Drone  
  49  3:50  Overlord  
  49  3:54  Drone x5  
  55  3:55  Drone  
  55  3:59  Extractor  
  54  4:03  Hatchery  
  54  4:05  Queen  
  54  4:07  Overlord  
  54  4:09  Drone  
  56  4:17  Evolution Chamber  
  56  4:18  Evolution Chamber  
  56  4:20  Drone x2  
  56  4:25  Drone x3  
  56  4:26  Overlord  
  56  4:28  Drone  
  56  4:30  Drone  
  56  4:31  Drone  
  62  4:34  Overlord  
  62  4:39  Drone x3  
  62  4:41  Drone  
  66  4:46  Zerg Ground Armor Level 1  
  66  4:49  Zerg Melee Weapons Level 1  
  66  5:00  Baneling Nest  
  66  5:03  Drone x8, Extractor  
  72  5:10  Lair  
  72  5:13  Extractor  
  71  5:14  Drone  
  71  5:16  Drone x4  
  71  5:20  Drone x4, Extractor  
  71  5:21  Extractor  
  78  5:27  Overlord x2  
  78  5:32  Queen  
  78  5:33  Overlord  
  78  5:34  Drone x4  
  84  5:41  Zergling x6  
  87  5:44  Spore Crawler  
  87  5:47  Spore Crawler x2  
  84  5:54  Drone x5  
  89  6:00  Hatchery  
  89  6:01  Overlord  
  89  6:04  Zergling x14  
  89  6:09  Zergling x10  
  100  6:17  Drone  
  100  6:18  Drone, Spire, Overseer  
  101  6:20  Centrifical Hooks  
  101  6:24  Overlord x2  
  101  6:31  Zergling x12  
  107  6:34  Overlord  
  107  6:41  Overlord  
  107  6:42  Zerg Ground Armor Level 2  
  107  6:43  Zerg Melee Weapons Level 2  
  107  6:47  Infestation Pit  
  107  6:54  Pneumatized Carapace  
  106  7:00  Drone x9  
  115  7:01  Baneling x3  
  115  7:02  Baneling x6  
  115  7:06  Zergling x8  
  119  7:10  Zergling x6, Extractor  
  121  7:22  Zergling x18  
  130  7:30  Overlord  
  130  7:37  Mutalisk x8  
  130  7:40  Zergling x8  
  150  7:46  Zergling x8  
  150  7:49  Hive  
  150  7:50  Zergling x6  
  156  8:10  Zergling x24  
  156  8:11  Zergling x8  
  156  8:12  Baneling x3  
  172  8:13  Baneling x2  
  172  8:16  Zergling x2  
  173  8:29  Overlord  
  173  8:40  Overlord  
  173  8:41  Overlord x4  
  142  8:52  Zergling x12  
  142  8:53  Zergling x22  
  152  9:02  Zergling x12  
  158  9:11  Zergling x20  
  168  9:17  Adrenal Glands  
  168  9:19  Zerg Ground Armor Level 3, Zerg Melee Weapons Level 3  
  168  9:20  Pathogen Glands, Ultralisk Cavern  
  168  9:22  Zergling x14  
  167  9:32  Zergling x14  
  167  9:33  Queen  
  167  9:36  Infestor x5  
  186  9:42  Zergling x10  
  191  9:46  Spine Crawler  
  191  9:47  Zergling x4  
  191  9:49  Overlord x3  
  182  10:01  Zergling x14  
  182  10:06  Zergling x14  
  182  10:14  Chitinous Plating  
  176  10:15  Ultralisk  
  176  10:17  Ultralisk  
  188  10:30  Hatchery  
  187  10:36  Queen  
  187  10:38  Ultralisk  
  187  10:42  Spine Crawler  
  193  10:46  Corruptor x3  
  198  10:55  Baneling x3  
  198  10:56  Baneling x3  
  198  10:57  Baneling  
  192  11:23  Ultralisk  
  195  11:32  Corruptor x2  
  199  11:35  Overseer  
  199  11:36  Overseer x2  
  199  11:44  Overlord x2  
  166  11:59  Ultralisk x5  
  176  12:04  Zergling x42  
  180  12:11  Ultralisk  
  180  12:14  Zergling x4  
  185  12:18  Zergling x4  
  185  12:19  Zergling x4  
  183  12:31  Ultralisk x2  
  183  12:36  Drone x5  
  200  12:55  Baneling x19  
  200  12:57  Baneling x3  
  200  12:58  Baneling  
  189  13:33  Hatchery  
Tags
 
Add a new tag
Caveats
  • Supply blocks, unpowered buildings, or Contaminate may cause inaccurate times.
  • Supply counts are checked every 10 seconds.